 Dungeon Crawl Stone Soup version 0.32-a0-411-g744942f433 (webtiles) character file.

Game seed: 16152467704263719052

12357 retardedninja the Cleaver (level 11, -3/81 HPs)
             Began as a Coglin Gladiator on Feb 20, 2024.
             Was a Priest of Hepliaklqana.
             Killed from afar by a lindwurm (40 damage)
             ... with a blast of flame
             ... on level 1 of the Lair of Beasts.
             The game lasted 00:20:11 (10322 turns).

retardedninja the Cleaver (Coglin Gladiator)       Turns: 10322, Time: 00:20:11

Health: -3/81      AC: 16    Str: 18    XL:     11   Next: 92%
Magic:  11/11      EV:  8    Int:  8    God:    Hepliaklqana [***...]
Gold:   586        SH:  5    Dex: 16    Spells: 10/10 levels left

rFire   . . .        a - +0 war axe (elec) {Tawil}
rCold   . . .        D - +3 war axe {Ingiyab}
rNeg    . . .        t - +0 plate armour
rPois   .            c - +0 helmet
rElec   .            (no cloak)
rCorr   +            i - +0 pair of gloves
SInv    .            q - +0 pair of boots
Will    .....        y - amulet of reflection Stlth
                     j - +4 ring of slaying
HPRegen 0.33/turn    p - ring of resist corrosion
MPRegen 0.12/turn

%: reflection
@: immotile, revving
A: reduced essence, off-hand wielding, slow wielding, warmup strikes, legs
shutdown
a: Renounce Religion, Recall Ancestor, Ancestor Identity, Transference


You were on level 1 of the Lair of Beasts.
You worshipped Hepliaklqana.
Hepliaklqana was most pleased with you.
You visited 3 branches of the dungeon, and saw 12 of its levels.

You collected 586 gold pieces.

Inventory:

Hand Weapons
 a - a +0 war axe of electrocution (weapon) {Tawil}
 D - a +3 war axe (offhand) {Ingiyab}
Missiles
 d - 4 throwing nets (quivered)
 e - a javelin
Armour
 c - a +0 helmet (worn)
 i - a +0 pair of gloves (worn)
 q - a +0 pair of boots (worn)
 t - a +0 plate armour (worn)
Jewellery
 j - a +4 ring of slaying (left grasper)
 n - a ring of magical power
 p - a ring of resist corrosion (right grasper)
 y - an amulet of reflection (around neck)
 B - a ring of protection from cold
 I - a ring of flight
Wands
 r - a wand of iceblast (5)
 u - a wand of mindburst (33)
 w - a wand of polymorph (3)
 x - a wand of quicksilver (18)
 z - a wand of paralysis (14)
 E - a wand of flame (7)
Scrolls
 b - 3 scrolls of teleportation
 f - a scroll of revelation
 k - a scroll of amnesia {unknown}
 l - 4 scrolls of blinking
 m - a scroll of vulnerability
 A - a scroll of immolation {unknown}
 G - a scroll of fear {unknown}
 K - a scroll of identify
Potions
 g - a potion of attraction
 h - 3 potions of cancellation
 o - 2 potions of brilliance
 s - a potion of enlightenment {unknown}
 v - 2 potions of curing
 C - 2 potions of magic
 F - a potion of haste {unknown}
 H - a potion of ambrosia {unknown}
 J - 2 potions of degeneration {unknown}


   Skills:
 * Level 10.2 Fighting
 * Level 10.5 Axes
 + Level 6.9 Throwing
 + Level 6.4 Armour
 + Level 7.1 Dodging


You had 10 spell levels left.
You didn't know any spells.
Your spell library contained the following spells:

 Spells                   Type           Power      Damage    Failure   Level
 Apportation              Tloc           0%         N/A       100%        1
 Necrotise                Necr           0%         1d4       100%        1
 Sting                    Conj/Alch      0%         1d3       100%        1
 Summon Small Mammal      Summ           0%         N/A       100%        1
 Jinxbite                 Hex            0%         N/A       100%        2
 Alistair's Intoxication  Alch           0%         N/A       100%        5


Dungeon Overview and Level Annotations

Branches:
Dungeon (10/15)            Temple (1/1) D:4            Lair (1/5) D:9
    Orc (0/2) D:10

Altars:
Ashenzari
Cheibriados
Dithmenos
Elyvilon
Fedhas
Gozag
Hepliaklqana
Kikubaaqudgha
Makhleb
Nemelex Xobeh
Okawaru
Qazlal
Ru
Sif Muna
Trog
Uskayaw
Vehumet
Wu Jian
Xom
Yredelemnul
Zin
The Shining One

Shops:
D:8 *   D:10 [

Annotations:
D:7 2 transporters, Norock's ghost, novice TrFi


Innate Abilities, Weirdness & Mutations

Your life essence is reduced to manifest your ancestor. (-10% HP)
You can wield a second weapon in your off-hand.
It takes a long time for you to wield or remove held weapons.
Your first few attacks do less damage.
Attacking and casting redirects power from your legs.


Message History

Lee Harvey Oswald casts a spell at the catoblepas.
The stone arrow hits the catoblepas.
Your limbs are stiffening.
You are engulfed in calcifying dust.
Lee Harvey Oswald hits the catoblepas but does no damage.
The catoblepas breathes a plume of calcifying dust at you.
The blast of calcifying dust hits you but does no damage.
Lee Harvey Oswald hits the catoblepas with a +0 quarterstaff!
You have turned to stone.
Lee Harvey Oswald hits the catoblepas with a +0 quarterstaff.
The catoblepas snuffles in challenge.
The catoblepas breathes a plume of calcifying dust at you.
The blast of calcifying dust hits you!
You are engulfed in calcifying dust.
Lee Harvey Oswald hits the catoblepas with a +0 quarterstaff.
The catoblepas gores you!!
You are engulfed in calcifying dust.
Lee Harvey Oswald casts a spell at the catoblepas.
The puff of frost hits the catoblepas.
The catoblepas gores Lee Harvey Oswald!!
You are engulfed in calcifying dust.
Lee Harvey Oswald barely misses the catoblepas.
The catoblepas barely misses Lee Harvey Oswald.
You are engulfed in calcifying dust.
The catoblepas gores Lee Harvey Oswald!!
Lee Harvey Oswald is destroyed!
The catoblepas gores you! x2
The catoblepas gores you!!
The lindwurm bites you but does no damage.
The lindwurm claws you but does no damage. x2
You turn to flesh and can move again.
You hit the catoblepas with your +3 war axe.
The catoblepas is heavily wounded.
You hit the lindwurm with your +3 war axe.
You hit the catoblepas but do no damage.
You hit the lindwurm with your +0 war axe of electrocution.
The catoblepas closely misses you. The lindwurm breathes flames at you.
The blast of flame hits you!!!
You die...
Hepliaklqana delivers you to your ancestors.

..###...#.......#..#
..#P##..##.#+.P##..##
...>..............).#
...................##
P#####.............#
## #..............#
##.............#
#.........Yk..#
~~~♣#######@..# P~~♣
#....# P~~. #...P#
..... ....## #....# .
.....# .....# #######


You could see a catoblepas and a lindwurm (catching breath).

Vanquished Creatures
  A boulder beetle (D:8)
  2 two-headed ogres (D:9)
  3 death yaks (Lair:1)
  Joseph (D:8)
  A black mamba (Lair:1)
  A cane toad (Lair:1)
  Jeremiah (D:6)
  A troll (D:10)
  A hornet (D:9)
  Sigmund (D:6)
  5 yaks
  A wraith (D:9)
  A steam dragon (D:9)
  Edmund (D:5)
  Duvessa (D:6)
  2 water moccasins
  A sky beast (D:7)
  An ice beast (D:3)
  2 black bears
  An ogre (D:6)
  2 centaurs
  A phantom (D:5)
  2 kobold brigands
  3 bullfrogs
  A gnoll sergeant (D:6)
  5 scorpions
  10 wights
  Dowan (D:6)
  12 killer bees
  4 howler monkeys
  2 electric eels (Lair:1)
  2 jellies (D:5)
  3 orc priests
  4 hounds
  An iguana (D:5)
  Ijyb (D:4)
  4 orc wizards
  6 adders
  12 gnolls
  A white imp (D:5)
  2 ufetubi (D:5)
  2 dart slugs
  A ribbon worm (D:4)
  25 orcs
  5 ball pythons
  5 bats
  A bat zombie (D:4)
  4 endoplasms
  3 giant cockroaches (D:2)
  6 goblins
  12 hobgoblins
  10 jackals
  17 kobolds
  3 quokkas
  3 frilled lizards
  2 frilled lizard zombies (D:4)
  5 rats
212 creatures vanquished.

Vanquished Creatures (collateral kills)
  A death yak (Lair:1)
  A black mamba (Lair:1)
  A wyvern (D:8)
  2 yaks
  A steam dragon (D:8)
  An orc warrior (D:10)
  An ogre (D:6)
  A centaur (D:10)
  A bullfrog (D:8)
  A scorpion (D:6)
  2 wights
  4 killer bees
  2 electric eels (Lair:1)
  3 orc wizards
  A shadow imp (D:8)
  5 orcs
  2 kobolds (D:9)
30 creatures vanquished.

Vanquished Creatures (others)
  8 battlemagi
8 creatures vanquished.

Grand Total: 250 creatures vanquished

Notes
Turn   | Place    | Note
-------+----------+-------------------------------------------
     0 | D:1      | retardedninja the Coglin Gladiator began the quest for the
                  | Orb.
     0 | D:1      | Reached XP level 1. HP: 16/16 MP: 1/1
   190 | D:1      | Reached XP level 2. HP: 20/22 MP: 2/2
   307 | D:1      | Reached XP level 3. HP: 20/28 MP: 3/3
   810 | D:2      | Reached XP level 4. HP: 34/34 MP: 4/4
  1749 | D:3      | Reached XP level 5. HP: 38/41 MP: 5/5
  1796 | D:3      | Noticed an ice beast
  1797 | D:3      | Found a broken altar of Ashenzari.
  1797 | D:3      | Found an ornate altar of the Wu Jian Council.
  1800 | D:3      | Killed an ice beast
  1801 | D:3      | Reached skill level 1 in Armour
  1806 | D:3      | Reached XP level 6. HP: 39/47 MP: 6/6
  1913 | D:3      | Found a shadowy altar of Dithmenos.
  2465 | D:4      | Found a staircase to the Ecumenical Temple.
  2501 | Temple   | Entered the Ecumenical Temple
  2518 | Temple   | Became a worshipper of Hepliaklqana the Forgotten
  2580 | D:4      | Found an ancient bone altar of Kikubaaqudgha.
  2616 | D:4      | Reached XP level 7. HP: 54/54 MP: 7/7
  2793 | D:4      | Noticed Ijyb
  2799 | D:4      | Killed Ijyb
  3020 | D:5      | Entered Level 5 of the Dungeon
  3042 | D:5      | Noticed Edmund
  3051 | D:5      | Killed Edmund
  3052 | D:5      | Reached skill level 5 in Axes
  3190 | D:5      | Found an iron altar of Okawaru.
  3288 | D:5      | Found a glowing golden altar of the Shining One.
  3510 | D:5      | Reached XP level 8. HP: 61/61 MP: 8/8
  3534 | D:5      | Reached skill level 5 in Fighting
  3539 | D:5      | Found an ornate altar of the Wu Jian Council.
  3580 | D:5      | Reached * piety under Hepliaklqana
  3899 | D:6      | Identified the +2 sling "Currij" {speed, ^Contam rC+ Will+}
  3907 | D:6      | Noticed Dowan
  3908 | D:6      | Noticed Duvessa
  3914 | D:6      | Killed Dowan
  3916 | D:6      | Killed Duvessa
  4232 | D:6      | HP: 1/57 [poisoned by a gnoll sergeant]
  4621 | D:6      | Reached XP level 9. HP: 40/62 MP: 9/9
  5129 | D:6      | Noticed Sigmund
  5139 | D:6      | Killed Sigmund
  5140 | D:6      | Reached skill level 5 in Dodging
  5662 | D:6      | Noticed Jeremiah
  5665 | D:6      | Killed Jeremiah
  6184 | D:7      | Found a hide-covered altar of Uskayaw.
  6203 | D:7      | Reached skill level 5 in Throwing
  6394 | D:7      | Reached ** piety under Hepliaklqana
  6395 | D:7      | Remembered your ancestor Lee Harvey Oswald as a battlemage
  6617 | D:7      | Found a transporter.
  6618 | D:7      | Found a transporter.
  6618 | D:7      | Noticed Norock's ghost (novice TrFi)
  6620 | D:7      | Identified the +9 great mace "Zesassar" {speed, +Blink rC+
                  | Dex+2}
  6661 | D:8      | Found a basalt altar of Yredelemnul.
  6663 | D:8      | Noticed Joseph
  6679 | D:8      | Killed Joseph
  6680 | D:8      | Reached XP level 10. HP: 50/72 MP: 10/10
  6964 | D:8      | Noticed a boulder beetle
  6975 | D:8      | Killed a boulder beetle
  6976 | D:8      | Reached skill level 5 in Armour
  7173 | D:8      | Found Ofidoysm's CLEARANCE SALE!.
  7276 | D:9      | Found a glowing silver altar of Zin.
  7276 | D:9      | Noticed an angel
  7322 | D:9      | Noticed a two-headed ogre
  7332 | D:9      | Killed a two-headed ogre
  7379 | D:9      | Found a shimmering altar of Xom.
  7474 | D:9      | Found a staircase to the Lair.
  7490 | D:9      | Reached XP level 11. HP: 58/78 MP: 11/11
  7846 | D:9      | Noticed a two-headed ogre
  7854 | D:9      | Killed a two-headed ogre
  8303 | D:9      | Reached *** piety under Hepliaklqana
  8357 | D:10     | Entered Level 10 of the Dungeon
  8385 | D:10     | Found an opulent altar of Gozag.
  8408 | D:10     | Found a burning altar of Makhleb.
  8409 | D:10     | Found a sacrificial altar of Ru.
  8469 | D:10     | Found Qitap's Armour Boutique.
  8471 | D:10     | Found a staircase to the Orcish Mines.
  8760 | D:10     | Noticed a deep troll
  8761 | D:10     | Noticed a centaur warrior
  8761 | D:10     | Noticed a deep elf knight
  8834 | Lair:1   | Entered Level 1 of the Lair of Beasts
  8834 | Lair:1   | Found a shadowy altar of Dithmenos.
  9023 | Lair:1   | Noticed a death yak
  9030 | Lair:1   | Noticed a death yak
  9031 | Lair:1   | Noticed a death yak
  9031 | Lair:1   | Noticed a death yak
  9599 | Lair:1   | Noticed a lindwurm
  9600 | Lair:1   | Noticed a lindwurm
  9967 | Lair:1   | Reached skill level 10 in Axes
 10084 | Lair:1   | Killed a death yak
 10093 | Lair:1   | Killed a death yak
 10094 | Lair:1   | Reached skill level 10 in Fighting
 10097 | Lair:1   | Killed a death yak
 10251 | Lair:1   | Killed a death yak
 10305 | Lair:1   | Noticed a catoblepas
 10322 | Lair:1   | Killed from afar by a lindwurm

Illustrated notes

Levels and vault maps discovered:
D:1:      dpeg_arrival_leaves_temple_mockup, layout_basic
D:2:      layout_basic, minmay_misc_feat_columns, hangedman_decor_growths,
          minmay_pentomino_v2
D:3:      cheibrodos_thug_alley, layout_basic,
          nicolae_dithmenos_through_a_glass_darkly,
          mainiacjoe_overflow_large_starburst
D:4:      layout_basic, lemuel_zombie_altar_kikubaaqudgha,
          minmay_temple_entry_wispy, uniq_ijyb, uniq_crazy_yiuf_cottage
D:5:      layout_basic, tso_metal_star, hangedman_feature_mirror,
          nrook_campfire, uniq_edmund
D:6:      layout_layer_cave, uniq_duvessa, uniq_jeremiah, uniq_sigmund
D:7:      nicolae_BIG_FREAKIN_CUBE, layout_cave_pools,
          mainiacjoe_overflow_brackets, gammafunk_ghost_smash
D:8:      layout_cave_pools, mainiacjoe_overflow_tiny_flanked,
          nicolae_shop_clearance, uniq_joseph
D:9:      layout_rooms, zin_angel, mainiacjoe_overflow_boulevard,
          dpeg_oklobed_lair
D:10:     layout_roguey, mainiacjoe_overflow_cross_hatched,
          gammafunk_temple_overflow_pools, orc_david_3, nicolae_doodle_vault
Temple:   eino_temple_lava
Lair:1:   layout_chaotic_city, serial_bayou, serial_bayou_pond_d,
          serial_bayou_lake_a, serial_bayou_lagoon_b, serial_bayou_pond_b,
          serial_bayou_pond_c, serial_bayou_pond_e, basic_altar,
          nicolae_lair_lindhole, serial_bayou_shore_b

Skill      XL: |  1  2  3  4  5  6  7  8  9 10 11 |
---------------+----------------------------------+-----
Throwing       | 2 3 4 5 6 |  6.9
Dodging        | 3 4 5 6 7 |  7.1
Fighting       | 3 4 6 7 8 10 | 10.2
Axes           | 4 5 6 8 9 10 | 10.5
Armour         | 1 2 3 4 5 6 |  6.4

Action                     |  1- 3 |  4- 6 |  7- 9 | 10-12 || total
---------------------------+-------+-------+-------+-------++-------
  Melee: War axe           |    73 |   116 |   197 |   216 ||   602
         Long sword        |       |    17 |       |       ||    17
 Invoke: Ancestor Identity |       |       |     2 |       ||     2
         Ancestor Life: Ba |       |       |     1 |       ||     1
  Evoke: Wand              |       |       |     9 |     6 ||    15
    Use: Scroll            |       |       |     9 |     5 ||    14
         Potion            |       |       |     2 |       ||     2
   Stab: Sleeping          |     1 |       |       |       ||     1
         Distracted        |       |       |     1 |     1 ||     2
 Armour: Leather armour    |    45 |     1 |       |       ||    46
         Ring mail         |       |    33 |       |       ||    33
         Chain mail        |       |    14 |    13 |       ||    27
         Scale mail        |       |     2 |       |       ||     2
         Plate armour      |       |       |   116 |   156 ||   272
         Skin              |       |       |    15 |       ||    15
  Dodge: Dodged            |    52 |    46 |    36 |    53 ||   187
  Block: Other             |       |       |     9 |    21 ||    30
         Reflection        |       |       |     3 |     1 ||     4

Table legend: (Time is in decaauts)
 A = Elapsed time spent in this place.
 B = Non-inter-level travel time spent in this place.
 C = Inter-level travel time spent in this place.
 D = Time resting spent in this place.
 E = Time spent auto-exploring this place.
 F = Levels seen in this place.
 G = Mean time per level.
                   A        B        C        D        E       F      G
               +--------+--------+--------+--------+--------+-----+--------+
         Total |  10447 |   9970 |    477 |   2499 |   5883 |  12 |  870.6 |
       Dungeon |   9374 |   8905 |    469 |   2197 |   5412 |  10 |  937.4 |
        Temple |     26 |     18 |      8 |      0 |      0 |   1 |   26.0 |
          Lair |   1046 |   1046 |      0 |    302 |    470 |   1 | 1046.0 |
               +--------+--------+--------+--------+--------+-----+--------+

Top non-repeatable levels by time:
     D:6: 2222 daAuts
     D:9: 1618 daAuts
  Lair:1: 1046 daAuts
     D:3: 833 daAuts
     D:2: 801 daAuts
     D:5: 762 daAuts
     D:4: 754 daAuts
     D:1: 739 daAuts
     D:8: 613 daAuts
     D:7: 595 daAuts
    D:10: 432 daAuts
  Temple: 26 daAuts
